 Dungeon Crawl Stone Soup version 0.31-a0-339-gda1cbd555d (webtiles) character file.

Game seed: 18393478166015923278

1489 lunkers the Grappler (level 9, -1/69 HPs)
             Began as a Meteoran Shapeshifter on July 20, 2023.
             Was an Initiate of Gozag.
             Slain by Pikel
             ... wielding a +2 whip of freezing
              (3 damage)
             ... on level 7 of the Dungeon.
             The game lasted 00:06:28 (2627 turns).

lunkers the Grappler (Meteoran Shapeshifter)        Turns: 2627, Time: 00:06:28

Health: -1/69      AC:  5    Str: 19    XL:     9   Next: 28%
Magic:  10/10      EV: 12    Int:  9    God:    Gozag
Gold:   579        SH:  0    Dex: 18    Spells: 8/8 levels left

rFire   . .          .
                       - Unarmed
rCold   . . .        (no shield)
rNeg    + . .        i - +0 ring mail
rPois   .            (helmet currently unavailable)
rElec   .            (cloak currently unavailable)
rCorr   .            (gloves currently unavailable)
SInv    .            (boots currently unavailable)
Will    +....        (no amulet)
Stlth   +            j - ring of positive energy
HPRegen 0.31/turn    k - +4 ring of slaying
MPRegen 0.12/turn

%: no passive effects
@: beast-form, glowing
A: beast (slay +3), sense surroundings 2, otherworldly, glowing, explore regen
a: Begin Untransformation, Renounce Religion, Potion Petition, Call Merchant,
Bribe Branch


You were on level 7 of the Dungeon.
You worshipped Gozag.
Gozag was pleased with you.
You were a hulking beast.
You visited 1 branch of the dungeon, and saw 7 of its levels.

You collected 617 gold pieces.
You paid 38 gold pieces to Gozag.

Inventory:

Armour
 a - a +0 animal skin
 b - a +0 helmet
 i - a +0 ring mail (worn)
 t - the +2 robe "Verhoum" {rN+ MP+9 Dex-4}
   (You found it on level 4 of the Dungeon)

   Dex:       It affects your dexterity (-4).
   rN:        It protects you from negative energy.
   MP:        It affects your magic capacity (+9).
Jewellery
 j - a ring of positive energy (left hand)
 k - a +4 ring of slaying (right hand)
 s - a ring of protection from cold
Talismans
 c - a beast talisman
 m - a talisman of death
Wands
 r - a wand of paralysis (17)
 v - a wand of acid (8)
Scrolls
 d - a scroll of enchant weapon
 f - 4 scrolls of identify
 n - 3 scrolls of immolation {unknown}
 o - a scroll of silence {unknown}
 p - 3 scrolls of teleportation
 w - a scroll of revelation {unknown}
 x - a scroll of enchant armour {unknown}
 y - a scroll of noise {unknown}
 z - a scroll of vulnerability {unknown}
Potions
 e - a potion of attraction
 g - 2 potions of might
 h - 3 potions of haste
 l - 2 potions of lignification
 q - 2 potions of heal wounds
 u - 3 potions of curing


   Skills:
 + Level 3.0 Fighting
 + Level 3.9 Dodging
 - Level 12.0 Unarmed Combat
 + Level 4.4 Shapeshifting


You had 8 spell levels left.
You didn't know any spells.
Your spell library was empty.

Dungeon Overview and Level Annotations

Branches:
Dungeon (7/15) Zot: 1615   Temple (0/1) D:4

Altars:
Dithmenos
Gozag
Hepliaklqana
Kikubaaqudgha
Okawaru
Qazlal

Shops:
D:6 *!

Annotations:
D:6 1 runed translucent door, oldplebian's ghost, novice DgCj
D:7 Pikel


Innate Abilities, Weirdness & Mutations

You are a hulking beast.
Your limbs bulge with bestial killing power. (Slay +3)
You passively map the area around you.
You are easily found by Zot.
You glow in the dark.
You regain HP and MP as you explore.


Message History

* * * LOW HITPOINT WARNING * * *
Pikel freezes you.
* * * LOW HITPOINT WARNING * * *
You punch Pikel!
Pikel is severely wounded.
The lemure hits you but does no damage.
Pikel hits you with a +2 whip of freezing!
* * * LOW HITPOINT WARNING * * *
Pikel freezes you.
* * * LOW HITPOINT WARNING * * *
You punch Pikel!
Pikel is almost dead.
Unknown command.
Unknown command.
You barely miss Pikel. Your punch misses Pikel.
Pikel is almost dead.
The lemure misses you.
Pikel hits you with a +2 whip of freezing.
* * * LOW HITPOINT WARNING * * *
Pikel freezes you.
* * * LOW HITPOINT WARNING * * *
You closely miss Pikel.
Pikel is almost dead.
The lemure hits you.
* * * LOW HITPOINT WARNING * * *
Pikel hits you with a +2 whip of freezing!
* * * LOW HITPOINT WARNING * * *
Pikel freezes you.
* * * LOW HITPOINT WARNING * * *
Unknown command.
Unknown command.
You barely miss Pikel.
Pikel is almost dead.
The lemure barely misses you.
Pikel says, "You'll feel the lick of my whip!"
Pikel hits you with a +2 whip of freezing.
* * * LOW HITPOINT WARNING * * *
Pikel freezes you.
You die...
Your body crumbles into a pile of gold.

, ,,, *
#.............))..
#.............#... ,
,
~##.............####
, , , ,
~#..............# ,
#.......######## ,
#..........., # , ,
.#≈~ #........... #
, ,
.P≈≈≈#........... *
# ,
,.~≈≈≈.Jh........# #
, ,
.~~≈≈.K5........# #
, ,
.~≈≈≈P...$......# ,
.~~≈≈~..........# ,
, ,.~≈≈~P..........#
, $
~~≈≈~~..........# ,,
.~≈≈~~..........# *
* ,, ,
.~≈≈≈~....)....## ,,
~ ≈≈~..........#*


You could see Pikel, a lemure and a jelly.

Vanquished Creatures
  A deep elf pyromancer (D:7)
  Sigmund (D:2)
  A steam dragon (D:7)
  Menkaure (D:7)
  3 lemures (D:6)
  A kobold brigand (D:6)
  A bullfrog (D:6)
  2 scorpions
  2 hounds
  2 jellies
  An orc priest (D:5)
  2 iguanas (D:5)
  Robin (D:2)
  7 gnolls
  5 adders
  A white imp (D:6)
  An ufetubus (D:5)
  3 dart slugs
  9 orcs
  6 bats
  2 endoplasms (D:1)
  3 giant cockroaches
  14 goblins
  6 hobgoblins
  8 kobolds
  6 quokkas
  7 ball pythons
  5 frilled lizards
  3 rats
105 creatures vanquished.

Notes
Turn   | Place    | Note
-------+----------+-------------------------------------------
     0 | D:1      | lunkers the Meteoran Shapeshifter began the quest for the
                  | Orb.
     0 | D:1      | Reached XP level 1. HP: 16/16 MP: 2/2
    58 | D:1      | Reached skill level 4 in Unarmed Combat
    66 | D:1      | Reached XP level 2. HP: 16/23 MP: 3/3
   287 | D:1      | Reached XP level 3. HP: 27/28 MP: 4/4
   358 | D:2      | Noticed Sigmund
   381 | D:2      | Killed Sigmund
   382 | D:2      | Reached skill level 7 in Unarmed Combat
   382 | D:2      | Reached XP level 4. HP: 9/35 MP: 5/5
   382 | D:2      | Reached XP level 5. HP: 10/40 MP: 6/6
   382 | D:2      | Reached XP level 6. HP: 12/47 MP: 7/7
   552 | D:2      | Noticed Robin
   582 | D:2      | Killed Robin
   642 | D:3      | Found an opulent altar of Gozag.
   649 | D:3      | Became a worshipper of Gozag Ym Sagoz the Greedy
  1035 | D:3      | Reached skill level 8 in Unarmed Combat
  1251 | D:4      | Found a staircase to the Ecumenical Temple.
  1297 | D:4      | Reached XP level 7. HP: 48/52 MP: 8/8
  1367 | D:4      | Identified the +2 robe "Verhoum" {rN+ MP+9 Dex-4}
  1626 | D:5      | Entered Level 5 of the Dungeon
  1671 | D:5      | Reached skill level 9 in Unarmed Combat
  2013 | D:5      | Reached skill level 10 in Unarmed Combat
  2013 | D:5      | Reached XP level 8. HP: 20/59 MP: 9/9
  2152 | D:6      | Found a stormy altar of Qazlal.
  2207 | D:6      | Found a shadowy altar of Dithmenos.
  2207 | D:6      | Found a hazy altar of Hepliaklqana.
  2208 | D:6      | Found an ancient bone altar of Kikubaaqudgha.
  2234 | D:6      | Found Botuo's Distillery.
  2291 | D:6      | Found a runed translucent door.
  2291 | D:6      | Noticed oldplebian's ghost (novice DgCj)
  2324 | D:6      | Found Yllicviw's Elemental Accessories.
  2376 | D:7      | Identified a scroll of acquirement
  2376 | D:7      | Acquired a +4 ring of slaying
  2442 | D:7      | Found an iron altar of Okawaru.
  2474 | D:7      | Noticed a steam dragon
  2482 | D:7      | Killed a steam dragon
  2483 | D:7      | Reached skill level 11 in Unarmed Combat
  2536 | D:7      | Noticed a deep elf pyromancer
  2543 | D:7      | Killed a deep elf pyromancer
  2544 | D:7      | Reached skill level 12 in Unarmed Combat
  2544 | D:7      | Gained mutation: You passively map the area around you.
                  | [Meteoran growth]
  2544 | D:7      | Reached XP level 9. HP: 41/68 MP: 10/10
  2578 | D:7      | Noticed Menkaure
  2581 | D:7      | Noticed Pikel
  2584 | D:7      | Killed Menkaure
  2627 | D:7      | HP: 2/69 [Pikel/+2 whip of freezing (6)]
  2627 | D:7      | Slain by Pikel

Illustrated notes

Levels and vault maps discovered:
D:1:      dpeg_arrival_lava_temple_mockup, layout_loops_cross,
          hellmonk_ecumenical_altar_blasted, minmay_tetromino_o2
D:2:      layout_basic, minmay_misc_feat_rugged, uniq_robin, uniq_sigmund,
          uniq_terence
D:3:      layout_basic, lemuel_crystal_altar, uniq_crazy_yiuf_cottage
D:4:      minmay_opposing_rooms, layout_layer_cave,
          minmay_temple_entry_large_hall,
          nicolae_concentric_dashed_squares_wild, chequers_serial_rivers_small_a
D:5:      minmay_chambers_of_threes, layout_rooms
D:6:      layout_loops_ring, nicolae_overflow_crystal_walls,
          nicolae_overflow_hidden_temple, serial_shops, nicolae_square_shop,
          gammafunk_ghost_grave, nicolae_elemental_shop
D:7:      layout_basic, general_overflow_altar, enter_bailey_3,
          chequers_big_river, guppyfry_early_elven_hall, uniq_menkaure,
          uniq_pikel

Skill      XL: |  1  2  3  4  5  6  7  8  9 |
---------------+----------------------------+-----
Unarmed Combat | 4 7 8 10 12 | 12.0
Fighting       | 2 3 |  3.0
Dodging        | 3 |  3.9
Shapeshifting  | 4 |  4.4

Action                     |  1- 3 |  4- 6 |  7- 9 || total
---------------------------+-------+-------+-------++-------
  Melee: Unarmed           |    54 |    86 |   133 ||   273
         Punch             |     1 |     2 |    14 ||    17
    Use: Potion            |     2 |       |       ||     2
         Scroll            |       |     6 |     3 ||     9
   Stab: Distracted        |       |       |     2 ||     2
 Armour: Animal skin       |     6 |       |       ||     6
         Ring mail         |    11 |    31 |    36 ||    78
         Skin              |    40 |     2 |       ||    42
  Dodge: Dodged            |    18 |    41 |    49 ||   108

Table legend: (Time is in decaauts)
 A = Elapsed time spent in this place.
 B = Non-inter-level travel time spent in this place.
 C = Inter-level travel time spent in this place.
 D = Time resting spent in this place.
 E = Time spent auto-exploring this place.
 F = Levels seen in this place.
 G = Mean time per level.
                   A        B        C        D        E       F      G
               +--------+--------+--------+--------+--------+-----+--------+
         Total |   2584 |   2461 |    123 |      4 |   1670 |   7 |  369.1 |
       Dungeon |   2584 |   2461 |    123 |      4 |   1670 |   7 |  369.1 |
               +--------+--------+--------+--------+--------+-----+--------+

Top non-repeatable levels by time:
     D:4: 509 daAuts
     D:3: 488 daAuts
     D:5: 392 daAuts
     D:6: 367 daAuts
     D:1: 304 daAuts
     D:2: 303 daAuts
     D:7: 219 daAuts
